 Dungeon Crawl Stone Soup version 0.30-a0-359-gd0147acb1a (webtiles) character file.

Game seed: 2178965637061029812

656 KennySheep the Slasher (level 7, -4/51 HPs)
             Began as a Human Wanderer on Nov 11, 2022.
             Was a Plaything of Xom.
             Slain by a wyvern (16 damage)
             ... on level 6 of the Dungeon.
             The game lasted 00:11:45 (4747 turns).

KennySheep the Slasher (Human Wanderer)             Turns: 4747, Time: 00:11:45

Health: -4/51      AC:  5    Str: 10    XL:     7   Next: 85%
Magic:  9/9        EV: 11    Int: 14    God:    Xom [....*.]
Gold:   271        SH:  8    Dex: 15    Spells: 6/6 levels left

rFire   . . .      SeeInvis +    a - +0 falchion
rCold   . . .      Faith    .    p - +0 kite shield
rNeg    . . .      Spirit   .    c - +0 leather armour
rPois   .          Reflect  .    (no helmet)
rElec   .          Harm     .    (no cloak)
rCorr   +          Rampage  .    v - +0 pair of gloves
Will    .....                    j - +0 pair of boots
Stlth   +.........               (no amulet)
HPRegen 0.00/turn                t - ring of resist corrosion
MPRegen 0.11/turn                (no ring)

@: inhibited regen
A: see invisible, clever 1, inhibited regeneration, weak 1
a: Renounce Religion


You were on level 6 of the Dungeon.
You worshipped Xom.
You were a beloved toy of Xom.
You visited 1 branch of the dungeon, and saw 6 of its levels.

You collected 271 gold pieces.

Inventory:

Hand Weapons
 a - a +0 falchion (weapon)
 e - a +0 dagger
Missiles
 b - a throwing net (quivered)
 d - 14 boomerangs
Armour
 c - a +0 leather armour (worn)
 j - a +0 pair of boots (worn)
 p - a +0 kite shield (worn)
 v - a +0 pair of gloves (worn)
Jewellery
 t - a ring of resist corrosion (left hand)
Scrolls
 f - a scroll of blinking
 g - a scroll of magic mapping {unknown}
 i - a scroll of amnesia {unknown}
 k - 3 scrolls of vulnerability {unknown}
 l - a scroll of fear {unknown}
 m - 7 scrolls of identify
 o - 2 scrolls of teleportation {unknown}
 q - a scroll of immolation {unknown}
 s - 2 scrolls of enchant armour {unknown}
 u - a scroll of poison
Potions
 h - 3 potions of curing
 w - a potion of haste


   Skills:
 + Level 2.8 Fighting
 * Level 4.9 Long Blades
 - Level 2.0 Throwing
 - Level 1.6 Armour
 + Level 4.5 Dodging
 - Level 1.0 Stealth
 + Level 2.4 Shields
 + Level 3.5 Invocations


You had 6 spell levels left.
You didn't know any spells.
Your spell library contained the following spells:

 Spells                   Type           Power      Damage    Failure   Level
 Necrotise                Necr           0%         1d4       77%         1
 Vampiric Draining        Necr           0%         2d6       98%         3
 Agony                    Necr           0%         N/A       100%        5


Dungeon Overview and Level Annotations

Branches:
Dungeon (6/15)             Temple (0/1) D:5

Altars:
Qazlal
Xom

Annotations:
D:5 2 transporters


Innate Abilities, Weirdness & Mutations

You have supernaturally acute eyesight. (SInv)
Your mind is acute. (Int +4, Str/Dex -1)
You do not regenerate when monsters are visible.
You are weak. (Str -2)


Message History

The gnoll hits you with a +0 halberd! The gnoll misses you.
The gnoll attacks as you move away! You block the gnoll's attack. x2
The gnoll attacks as you move away!
The gnoll hits you with a +1 whip of pain.
There is a stone staircase leading up here. "Let's go for a ride!"
You stop ascending the stairs.
Your surroundings suddenly seem different.
Found 15 gold pieces.
Your surroundings suddenly seem different.
Your surroundings suddenly seem different.
A wyvern comes into view.
Found 7 gold pieces.
Found an escape hatch in the floor.
Your surroundings suddenly seem different.
Your surroundings suddenly seem different.
Found 10 gold pieces.
Your surroundings suddenly seem different.
Your surroundings seem slightly different.
Your surroundings suddenly seem different.
Your surroundings suddenly seem different.
You aren't carrying any items that you can evoke.
Unknown command.
As you read the scroll labelled ALAVYUGHURHODGH, it crumbles to dust.
It is a scroll of identify.
u - a scroll of poison
Okay, then.
The wyvern hisses angrily.
You hit the wyvern.
The wyvern is lightly wounded.
The wyvern closely misses you.
You hit the wyvern.
The wyvern is lightly wounded.
The wyvern bites you but does no damage.
The wyvern bites you!
* * * LOW HITPOINT WARNING * * *
You barely miss the wyvern.
The wyvern is lightly wounded.
The wyvern bites you!
You die...
Xom giggles madly!

.. ... #.>. ... #..
......
..?#.##..#####.....
#.............$...#
∆ ............... ∆
#.......##.
#...........#
...........l######
............@....#
..^..............#
................##
........##..#.###
.......######## .


You could see a wyvern.

Vanquished Creatures
  An ice beast (D:5)
  2 phantoms (D:5)
  3 hounds
  An orc wizard (D:5)
  2 gnolls (D:6)
  4 adders
  An ufetubus (D:5)
  A worm (D:2)
  A dart slug (D:4)
  12 orcs
  4 ball pythons
  4 bats
  3 endoplasms
  4 giant cockroaches
  5 goblins
  5 hobgoblins
  5 jackals (D:1)
  3 quokkas
  3 frilled lizards
  6 kobolds
  3 rats
73 creatures vanquished.

Vanquished Creatures (collateral kills)
  A phantom (D:4)
  A gnoll sergeant (D:5)
  An orc (D:3)
  A bat (D:3)
4 creatures vanquished.

Vanquished Creatures (others)
  An iguana (D:2)
1 creature vanquished.

Grand Total: 78 creatures vanquished

Notes
Turn   | Place    | Note
-------+----------+-------------------------------------------
     0 | D:1      | KennySheep the Human Wanderer began the quest for the Orb.
     0 | D:1      | KennySheep set off with the following items: a +0 falchion,
                  | 3 throwing nets, a +0 leather armour, 8 boomerangs, a +0
                  | dagger, a scroll of blinking.
     0 | D:1      | Reached XP level 1. HP: 13/13 MP: 1/1
    32 | D:1      | Found a faded altar of an unknown god.
    44 | D:1      | Prayed at the altar of an unknown god.
    44 | D:1      | Became a worshipper of Xom the Chaotic
    79 | D:1      | XOM: divination: detect creatures
    93 | D:1      | Reached XP level 2. HP: 20/20 MP: 2/2
   212 | D:1      | XOM is BORED!
   212 | D:1      | XOM: silly message
   343 | D:1      | Reached XP level 3. HP: 20/25 MP: 4/4
  1147 | D:2      | XOM is BORED!
  1147 | D:2      | XOM: summons 3 hostile shadow creatures
  1253 | D:2      | XOM: 2-stop teleportation journey
  1263 | D:2      | XOM: god gift: book of Necromancy
  1280 | D:2      | Reached XP level 4. HP: 28/31 MP: 5/5
  1520 | D:2      | Reached skill level 1 in Fighting
  1813 | D:2      | XOM: summons 1 hostile demon
  1816 | D:2      | XOM: divine lightning
  2042 | D:2      | XOM: give mutations
  2042 | D:2      | Gained mutation: You are weak. (Str -2) [Xom's mischief]
  2042 | D:2      | Gained mutation: You have supernaturally acute eyesight.
                  | (SInv) [Xom's mischief]
  2042 | D:2      | Gained mutation: You do not regenerate when monsters are
                  | visible. [Xom's mischief]
  2042 | D:2      | Gained mutation: Your mind is acute. (Int +4, Str/Dex -1)
                  | [Xom's mischief]
  2186 | D:3      | Noticed an orc warrior
  2189 | D:3      | XOM: swap monsters
  2192 | D:3      | XOM: chaos upgrade
  2312 | D:4      | Noticed a phantom
  2312 | D:4      | XOM: 5-stop teleportation journey
  2324 | D:4      | XOM: cast spell 'Summon Mana Viper'
  2330 | D:4      | Killed a phantom
  2331 | D:4      | Reached skill level 1 in Shields
  2331 | D:4      | Reached XP level 5. HP: 4/38 MP: 6/6
  2347 | D:4      | XOM: 2-stop teleportation journey
  2360 | D:4      | Reached XP level 6. HP: 7/44 MP: 7/7
  2624 | D:4      | Found a stormy altar of Qazlal.
  2624 | D:4      | XOM: 6-stop teleportation journey
  2955 | D:5      | Entered Level 5 of the Dungeon
  3140 | D:5      | Found a transporter.
  3261 | D:5      | Found a staircase to the Ecumenical Temple.
  3386 | D:5      | Noticed a fire bat
  3386 | D:5      | Noticed a fire bat
  3433 | D:5      | Reached XP level 7. HP: 28/50 MP: 9/9
  3476 | D:5      | XOM is BORED!
  3476 | D:5      | XOM: noise
  3616 | D:5      | Found a transporter.
  3784 | D:5      | XOM: divination: detect creatures
  4096 | D:6      | XOM: divination: detect items
  4290 | D:6      | XOM: confuse monster(s)
  4311 | D:5      | XOM: confuse monster(s)
  4322 | D:5      | XOM: cast spell 'Summon Dragon'
  4742 | D:6      | Noticed a wyvern
  4742 | D:6      | XOM: 9-stop teleportation journey
  4747 | D:6      | Slain by a wyvern

Illustrated notes

Levels and vault maps discovered:
D:1:      dpeg_arrival_court, layout_basic,
          shapermc_ecumenical_altar_notcrosses, nicolae_kite_square_tiling_tiny
D:2:      layout_basic
D:3:      layout_rooms, kennysheep_another_room, uniq_grinder
D:4:      layout_rooms, mainiacjoe_overflow_tiny_flanked
D:5:      gammafunk_cloud_chamber, layout_basic, minmay_temple_entry_mist,
          serial_bayou_pond_a
D:6:      layout_cave_pools, serial_shops, nicolae_lakefront_shop,
          hangedman_decor_peaks_small

Skill      XL: |  1  2  3  4  5  6  7 |
---------------+----------------------+-----
Fighting       | 1 2 |  2.8
Long Blades    | 3 4 |  4.9
Invocations    | 2 3 |  3.5
Shields        | 1 2 |  2.4
Dodging        | 4 |  4.5
Throwing       | |  2.0
Armour         | |  1.6
Stealth        | |  1.0

Action                   |  1- 3 |  4- 6 |  7- 9 || total
-------------------------+-------+-------+-------++-------
Melee: Falchion          |   124 |   147 |    84 ||   355
       Punch             |     1 |       |       ||     1
Throw: Throwing net      |       |     3 |       ||     3
  Use: Potion            |       |       |     5 ||     5
       Scroll            |       |       |     1 ||     1
 Stab: Sleeping          |     3 |     3 |       ||     6
       Distracted        |     1 |       |       ||     1
       Held in net/web   |       |     1 |       ||     1
       Confused          |       |       |     4 ||     4
Armor: Leather armour    |    57 |    45 |    14 ||   116
Dodge: Dodged            |    92 |    74 |    55 ||   221
Block: Kite shield       |     1 |    76 |    51 ||   128

Table legend: (Time is in decaauts)
 A = Elapsed time spent in this place.
 B = Non-inter-level travel time spent in this place.
 C = Inter-level travel time spent in this place.
 D = Time resting spent in this place.
 E = Time spent auto-exploring this place.
 F = Levels seen in this place.
 G = Mean time per level.
                   A        B        C        D        E       F      G
               +--------+--------+--------+--------+--------+-----+--------+
         Total |   4824 |   4500 |    324 |    845 |   2703 |   6 |  804.0 |
       Dungeon |   4824 |   4500 |    324 |    845 |   2703 |   6 |  804.0 |
               +--------+--------+--------+--------+--------+-----+--------+

Top non-repeatable levels by time:
     D:5: 1723 daAuts
     D:2: 1186 daAuts
     D:1: 825 daAuts
     D:4: 744 daAuts
     D:3: 253 daAuts
     D:6: 90 daAuts
